 Dungeon Crawl Stone Soup version 0.30.1-3-gfc49f6343a (webtiles) character file.

Game seed: 11067340730010500984

342658 cdecastro the Wrestler (level 21, -6/218 (223) HPs)
             Began as a Troll Fighter on July 20, 2023.
             Was a High Priest of Jiyva.
             Mangled by Sojobo the tengu simulacrum (28 damage)
             ... animated by a necromancer
             ... on level 2 of the Depths on July 21, 2023.
             The game lasted 02:24:20 (40165 turns).

cdecastro the Wrestler (Troll Fighter)             Turns: 40165, Time: 02:24:20

HP:   -6/218 (223)  AC: 13    Str: 28    XL:     21   Next: 11%
MP:   29/29         EV: 19    Int:  4    God:    Jiyva [*****.]
Gold: 3047          SH: 12    Dex: 17    Spells: 20/20 levels left

rFire   . .          .
                       - Unarmed
rCold   + . .        h - +1 kite shield {rN+}
rNeg    + . .        v - +4 troll leather armour
rPois   +            (helmet restricted)
rElec   .            O - +2 cloak {Stlth+}
rCorr   +            (gloves unavailable)
SInv    +            (boots unavailable)
Will    +....        Y - amulet of regeneration
Stlth   ++           r - ring of the Ubiquitous Date {rPois rCorr Str-2 Slay+5 SInv}
HPRegen 4.40/turn    Q - ring of Qapaer {rC+ EV+5}
MPRegen 0.66/turn

%: no passive effects
@: studying 2 skills, lightly drained
A: large, unfitting armour, claws 3, regeneration 1, shaggy fur 1, tough skin 1,
hooves 1, wild magic 3, pseudopods 3, jelly absorbing missiles
}: 2/15 runes: serpentine, barnacled
a: Renounce Religion, Oozemancy, Slimify


You were on level 2 of the Depths.
You worshipped Jiyva.
Jiyva was extremely pleased with you.
You visited 9 branches of the dungeon, and saw 40 of its levels.
You also visited: Gauntlet, Ice Cave, Volcano and Wizlab.

You collected 3579 gold pieces.
You spent 532 gold pieces at shops.

Inventory:

Missiles
 d - 3 datura-tipped darts
 e - 4 atropa-tipped darts
 g - 19 javelins
 m - 16 silver javelins
 x - 61 large rocks
 C - 4 throwing nets
 F - 30 boomerangs
 V - 8 curare-tipped darts (quivered)
Armour
 h - a +1 kite shield of positive energy (worn)
 v - a +4 troll leather armour (worn)
 O - a +2 cloak of stealth (worn)
 U - +3 storm dragon scales {Bai Suzhen}
Jewellery
 r - the ring of the Ubiquitous Date (left claw) {rPois rCorr Str-2 Slay+5 SInv}
   (You found it in a Gauntlet)

   [ring of resist corrosion]

   Str:       It affects your strength (-2).
   Slay:      It affects your accuracy & damage with ranged weapons and melee
   (+5).
   rPois:     It protects you from poison.
   SInv:      It lets you see invisible.
   rCorr:     It protects you from acid and corrosion.
 y - a ring of flight
 G - a ring of see invisible
 L - a ring of protection from fire
 M - an amulet of faith
 P - a ring of willpower
 Q - the ring of Qapaer (right claw) {rC+ EV+5}
   (You found it on level 7 of the Dungeon)

   [ring of evasion]

   EV:        It affects your evasion (+5).
   rC:        It protects you from cold.
 W - a ring of willpower
 X - a ring of positive energy
 Y - an amulet of regeneration (around neck)
Wands
 K - a wand of digging (3)
 R - a wand of acid (10)
Scrolls
 f - 3 scrolls of immolation
 i - 7 scrolls of fog
 j - 6 scrolls of blinking
 n - 7 scrolls of poison
 o - 4 scrolls of teleportation
 t - 5 scrolls of magic mapping
 z - 2 scrolls of fear
 B - 2 scrolls of silence
 E - 2 scrolls of summoning
 H - a scroll of torment
 J - 3 scrolls of vulnerability
 T - 4 scrolls of enchant armour
Potions
 b - 4 potions of haste
 c - 5 potions of invisibility
 l - 12 potions of curing
 p - 5 potions of attraction
 q - 4 potions of berserk rage
 s - 3 potions of resistance
 w - 3 potions of heal wounds
 A - 9 potions of might
 D - 8 potions of mutation
 I - 7 potions of lignification
 N - 3 potions of cancellation
Miscellaneous
 a - a phantom mirror
 k - a box of beasts
 u - a tin of tremorstones (2/2)
 S - a phial of floods
 Z - a lightning rod (4/4)


   Skills:
 - Level 16.5 Fighting
 - Level 11.0 Throwing
 - Level 8.9 Armour
 - Level 10.2 Dodging
 - Level 7.7 Shields
 + Level 23.0 Unarmed Combat
 * Level 12.5 Invocations


You had 20 spell levels left.
You didn't know any spells.
Your spell library contained the following spells:

 Spells                   Type           Power      Damage    Failure   Level
 Magic Dart               Conj           0%         1d3       90%         1
 Shock                    Conj/Air       0%         1d3       90%         1
 Sting                    Tmut/Pois      0%         1d3       90%         1
 Blink                    Tloc           0%         N/A       96%         2
 Call Imp                 Summ           0%         N/A       96%         2
 Cigotuvi's Dreadful Rot  Necr/Pois/Air  0%         N/A       96%         2
 Lesser Beckoning         Tloc           0%         N/A       96%         2
 Momentum Strike          Conj/Tloc      0%         3d8       96%         2
 Poisonous Vapours        Pois/Air       0%         N/A       96%         2
 Scorch                   Fire           0%         2d5       96%         2
 Sublimation of Blood     Necr           0%         N/A       96%         2
 Wereblood                Tmut           0%         N/A       96%         2
 Call Canine Familiar     Summ           0%         N/A       99%         3
 Dazzling Flash           Conj/Hex       0%         N/A       99%         3
 Gell's Gravitas          Tloc           0%         N/A       99%         3
 Hailstorm                Conj/Ice       0%         3d3       99%         3
 Ignite Poison            Fire/Tmut/Pois 0%         N/A       99%         3
 Mephitic Cloud           Conj/Pois/Air  0%         N/A       99%         3
 Ozocubu's Armour         Ice            0%         N/A       99%         3
 Portal Projectile        Hex/Tloc       0%         N/A       99%         3
 Spider Form              Tmut/Pois      0%         N/A       99%         3
 Summon Guardian Golem    Hex/Summ       0%         N/A       99%         3
 Swiftness                Air            0%         N/A       99%         3
 Teleport Other           Tloc           0%         N/A       99%         3
 Tukima's Dance           Hex            0%         N/A       99%         3
 Volatile Blastmotes      Fire/Tloc      0%         2d10      99%         3
 Airstrike                Air            0%         2d(0-16)  100%        4
 Flame Wave               Conj/Fire      0%         2d4       100%        4
 Ice Form                 Ice/Tmut       0%         N/A       100%        4
 Iskenderun's Mystic Bla  Conj/Tloc      0%         2d3       100%        4
 Leda's Liquefaction      Hex/Erth       0%         N/A       100%        4
 Manifold Assault         Tloc           0%         N/A       100%        4
 Olgreb's Toxic Radiance  Pois           0%         N/A       100%        4
 Passage of Golubria      Tloc           0%         N/A       100%        4
 Petrify                  Tmut/Erth      0%         N/A       100%        4
 Summon Lightning Spire   Summ/Air       0%         N/A       100%        4
 Agony                    Necr           0%         N/A       100%        5
 Alistair's Intoxication  Tmut/Pois      0%         N/A       100%        5
 Blade Hands              Tmut           0%         N/A       100%        5
 Fireball                 Conj/Fire      0%         3d3       100%        5
 Freezing Cloud           Conj/Ice/Air   0%         6-21      100%        5
 Irradiate                Conj/Tmut      0%         3d11      100%        5
 Iskenderun's Battlesphe  Conj           0%         2d6       100%        5
 Metabolic Englaciation   Hex/Ice        0%         N/A       100%        5
 Silence                  Hex/Air        0%         N/A       100%        5
 Yara's Violent Unravell  Hex/Tmut       0%         3d3       100%        5
 Conjure Ball Lightning   Conj/Air       0%         3x3d6     100%        6
 Dispersal                Tloc           0%         N/A       100%        6
 Iron Shot                Conj/Erth      0%         9d1       100%        6
 Simulacrum               Ice/Necr       0%         N/A       100%        6
 Starburst                Conj/Fire      0%         6d3       100%        6
 Statue Form              Tmut/Erth      0%         N/A       100%        6
 Summon Cactus Giant      Summ           0%         N/A       100%        6
 Malign Gateway           Summ/Tloc      0%         N/A       100%        7
 Orb of Destruction       Conj           0%         9d5       100%        7
 Ozocubu's Refrigeration  Ice            0%         4d7       100%        7
 Spellforged Servitor     Conj/Summ      0%         N/A       100%        7
 Storm Form               Tmut/Air       0%         N/A       100%        7
 Disjunction              Tloc           0%         N/A       100%        8
 Lehudib's Crystal Spear  Conj/Erth      0%         10d2      100%        8
 Necromutation            Tmut/Necr      0%         N/A       100%        8
 Chain Lightning          Conj/Air       0%         N/A       100%        9


Dungeon Overview and Level Annotations

Branches:
Dungeon (15/15)            Temple (1/1) D:4            Lair (5/5) D:10
 Shoals (4/4) Lair:2        Snake (4/4) Lair:2        Slime (5/5) Lair:4
    Orc (2/2) D:9             Elf (2/3) Orc:2        Vaults (0/5) D:13
 Depths (2/4) D:15          IceCv (visited)         Volcano (visited)
 WizLab (visited)         Gauntlet (visited)

Altars:
Ashenzari
Cheibriados
Dithmenos
Elyvilon
Fedhas
Gozag
Hepliaklqana
Kikubaaqudgha
Makhleb
Nemelex Xobeh
Okawaru
Qazlal
Ru
Sif Muna
Trog
Uskayaw
Vehumet
Wu Jian
Xom
Yredelemnul
Zin
The Shining One
Jiyva

Shops:
D:6 **   D:7 =   D:14 (   Orc:2 ([![   Shoals:3 [=   Snake:2 !:   Snake:3 ([(
Depths:1 !

Portals:
Hell: Depths:1 Depths:2
Pandemonium: Depths:2
Ziggurat: Depths:2

Annotations:
Snake:3 exclusion: 2 doors, Mlioglotl
Slime:3 Dissolution
Slime:5 Royal Jelly
Elf:2 3 runed translucent doors, Roxanne
Depths:1 1 runed translucent door, exclusion: orange crystal statue


Innate Abilities, Weirdness & Mutations

You are too large for most types of armour.
You have claws for hands.
Your natural rate of healing is unusually fast.
You are covered in fur. (AC +1)
You have tough skin. (AC +1)
You have large cloven feet.
Your spells are much harder to cast, but much more powerful.
Armour fits poorly on your massive pseudopods.
You have a small jelly attached to you that may absorb projectiles.


Message History

Unknown command.
You feel much better. The stone giant misses you.
Unknown command.
Unknown command.
You mangle the stone giant!!
You kick the stone giant, but do no damage.
You bludgeon the stone giant, but do no damage.
The stone giant is heavily wounded.
The stone giant hits you!!
* * * LOW HITPOINT WARNING * * *
The necromancer barely misses you.
You mangle the stone giant!!
You kick the stone giant, but do no damage.
You bludgeon the stone giant!
The stone giant is severely wounded.
The stone giant closely misses you.
The necromancer gestures at you while chanting.
Your body is wracked with pain!
* * * LOW HITPOINT WARNING * * *
You eviscerate the stone giant!!!
You kill the stone giant!
A freezing mist starts to gather...
A stone giant simulacrum comes into view.
Unknown command.
You feel much better.
The necromancer points at you and mumbles some strange words.
The bolt of negative energy hits you! You partially resist.
You feel drained.
* * * LOW HITPOINT WARNING * * *
Sojobo hits you!
* * * LOW HITPOINT WARNING * * *
Sojobo freezes you!! You resist.
* * * LOW HITPOINT WARNING * * *
Sojobo pecks you but does no damage. Sojobo closely misses you.
Unknown command.
You feel much better. You block the necromancer's attack.
The stone giant simulacrum closely misses you.
Sojobo hits you!
* * * LOW HITPOINT WARNING * * *
Sojobo freezes you!! You resist.
You die...

#..........'...†)..#
♣.♣
#..........#######.#
♣♣. #.......#### ..#
♣. #.......# ...# ♣#
#.......#### ....#
#####......# .....#
#......# ......#
####...pZ.##.....##
#.......Z@.#
#).....#####
#....... #.......
####.......p ♣.
#.....p.## ♣.
#....p..p ♣.♣ #####
#...V# ##∩## #...#
#....# ##...##


You could see a necromancer, a stone giant simulacrum and Sojobo the tengu
simulacrum.

Vanquished Creatures
  Sojobo (Depths:2)
  Bai Suzhen (Depths:2)
  Nikola (Elf:1)
  Rupert (Lair:4)
  A lich (Depths:2)
  Zenata (Elf:1)
  A titan (Shoals:4)
  Polyphemus (Shoals:3)
  3 tengu reavers (Depths:2)
  A juggernaut zombie (Depths:1)
  13 nagarajas
  2 fire giants (Depths:1)
  2 deep elf sorcerers (WizLab)
  5 frost giants
  A caustic shrike zombie (Depths:1)
  Aizul (Snake:4)
  Louise (Elf:1)
  4 demonspawn corrupters (WizLab)
  11 very ugly things
  A broodmother (Lair:3)
  8 stone giants
  The ghost of SweetJohnnyV the Bludgeoner, a journeyman MiBe of Trog (Shoals:1)
  A deep elf demonologist (Elf:1)
  A vampire knight (Depths:2)
  A deep elf annihilator (Elf:1)
  A minotaur (Gauntlet)
  A red draconian (Volcano)
  A deep elf death mage (Elf:1)
  A fire dragon (D:10)
  6 ettins
  6 merfolk javelineers
  A green death (Depths:2)
  A blizzard demon (Gauntlet)
  A deep elf high priest (WizLab)
  8 merfolk impalers
  A great orb of eyes (Lair:1)
  2 rakshasas
  3 jiangshi (Depths:2)
  2 salamander tyrants (Snake:4)
  2 catoblepae
  4 hydras
  2 merfolk avatars
  An ice dragon (Depths:1)
  8 anacondas
  A spriggan air mage (D:15)
  A hell beast (Gauntlet)
  2 boulder beetles (D:11)
  An ogre mage (D:13)
  16 naga warriors
  5 two-headed ogres
  4 centaur warriors
  5 satyrs
  2 alligator snapping turtles
  6 merfolk aquamancers
  15 dancing weapons
  4 deep troll shamans (Depths:2)
  4 tengu warriors
  A vampire mage (Depths:2)
  7 death yaks
  2 deep troll earth magi
  The ghost of rozman the Destroyer, a journeyman TeAE of Vehumet (Lair:1)
  6 shock serpents
  A hell hog (Depths:1)
  21 naga sharpshooters
  An orc high priest (Elf:1)
  8 sun demons (Depths:1)
  13 hell knights
  10 deep elf knights
  6 skysharks
  2 sixfirhies (Depths:2)
  A skeletal warrior (D:13)
  An iron troll (Depths:1)
  5 salamander mystics
  A goliath frog (Lair:5)
  2 spriggan druids (WizLab)
  9 sea snakes
  6 deep trolls
  A golden dragon skeleton (Depths:1)
  A flayed ghost (Depths:2)
  8 wizards
  An obsidian statue (D:15)
  9 deep elf archers
  15 mana vipers
  6 naga ritualists
  A lindwurm (Lair:5)
  20 ugly things
  4 necromancers
  17 deep elf zephyrmancers
  27 deep elf pyromancers
  2 orc knights (Orc:1)
  12 harpies
  An orc sorcerer (D:15)
  5 cyclopes
  11 manticores
  A stone giant zombie (Depths:1)
  19 fauns
  14 salamanders
  4 elephants (Lair:5)
  3 worldbinders (WizLab)
  44 black mambas
  12 water nymphs
  7 guardian serpents
  12 merfolk sirens
  Maurice (D:8)
  19 naga magi
  4 molten gargoyles (Volcano)
  An orange demon (Depths:2)
  5 gargoyles
  Maggie (D:7)
  29 cane toads
  3 unseen horrors
  4 centaur skeletons (D:13)
  2 kobold demonologists (D:12)
  12 komodo dragons
  11 rime drakes
  4 yaktaurs (D:13)
  2 efreet
  A tengu conjurer (D:15)
  A freezing wraith (D:15)
  An ice devil (Gauntlet)
  A red devil (Depths:2)
  21 merfolk
  A spriggan skeleton (Depths:1)
  11 trolls
  A tyrant leech (Lair:5)
  12 wind drakes
  7 polar bears
  4 hornets
  A wolf spider simulacrum (D:15)
  Grinder (D:4)
  12 snapping turtles
  38 blink frogs
  15 dream sheep
  7 slime creatures
  10 air elementals
  2 basilisks
  The ghost of ChrisAssaf the Ducker, an amateur GnMo (D:3)
  9 wyverns
  The ghost of Gadrel the Sneak, an amateur DgDe (D:3)
  3 wraiths
  28 water elementals
  The ghost of OlManJenkins the Ducker, an amateur GnGl (D:3)
  48 yaks
  A redback (D:10)
  14 vampire mosquitoes
  A fire elemental (Elf:1)
  2 steam dragons
  Menkaure (D:4)
  5 acid dragons
  56 nagas
  3 wargs
  A hell hound (Gauntlet)
  15 water moccasins
  40 orc warriors
  Duvessa (D:4)
  4 black bears
  4 sky beasts
  13 ogres
  7 ice beasts
  38 wolves
  2 phantoms
  18 centaurs
  17 bullfrogs
  6 kobold brigands
  3 gnoll sergeants
  4 earth elementals
  4 scorpions
  9 wights
  Dowan (D:4)
  13 killer bees
  7 electric eels
  3 howler monkeys (D:11)
  5 hounds
  4 jellies
  16 orc priests
  Jessica (D:3)
  An iguana (D:4)
  Natasha (thrice) (D:2)
  27 orc wizards
  3 yak simulacra (D:9)
  A wolf simulacrum (D:9)
  Robin (D:2)
  5 gnolls
  7 adders
  3 shadow imps
  5 white imps
  A worm (D:2)
  2 dart slugs
  The ghost of bairyn the Cutter, a weakling SpRe (D:3)
  68 orcs
  5 endoplasms
  2 giant cockroaches
  9 goblins
  11 hobgoblins
  6 jackals
  9 quokkas
  6 ball pythons
  2 bats (D:2)
  3 frilled lizards (D:2)
  22 kobolds
  6 rats
  7 river rat simulacra (D:9)
1415 creatures vanquished.

Vanquished Creatures (others)
  A fire giant (Depths:2)
  A deep elf elementalist (Elf:1)
  A merfolk aquamancer (WizLab)
  2 deep elf knights (Elf:1)
  An orc high priest (Elf:1)
  A sea snake (Shoals:4)
  4 glowing orange brains
  2 wizards (WizLab)
  2 shining eyes (Depths:1)
  A deep elf pyromancer (Elf:1)
  4 deep elf zephyrmancers
  A worldbinder (WizLab)
  A molten gargoyle (Volcano)
  An eye of devastation (Depths:1)
  A floating eye (WizLab)
  A water elemental (Elf:1)
  A naga (Snake:3)
  2 orc warriors
  47 jellies
  3 orcs
78 creatures vanquished.

Grand Total: 1493 creatures vanquished

Notes
Turn   | Place    | Note
-------+----------+-------------------------------------------
     0 | D:1      | cdecastro the Troll Fighter began the quest for the Orb.
     0 | D:1      | Reached XP level 1. HP: 22/22 MP: 0/0
   168 | D:1      | Reached XP level 2. HP: 29/29 MP: 1/1
   520 | D:2      | Reached skill level 3 in Unarmed Combat
   648 | D:2      | Reached XP level 3. HP: 31/36 MP: 2/2
   908 | D:2      | Reached XP level 4. HP: 45/45 MP: 3/3
   993 | D:2      | Noticed Robin
  1050 | D:2      | Reached skill level 4 in Unarmed Combat
  1080 | D:2      | Noticed Natasha
  1086 | D:2      | Killed Natasha
  1098 | D:2      | Killed Robin
  1199 | D:2      | Noticed Natasha
  1203 | D:2      | Killed Natasha
  1204 | D:2      | Reached XP level 5. HP: 53/53 MP: 4/4
  1219 | D:2      | Noticed Natasha
  1227 | D:2      | Killed Natasha
  1469 | D:3      | Reached skill level 5 in Unarmed Combat
  1519 | D:3      | Found a runed translucent gate.
  1519 | D:3      | Found a runed translucent gate.
  1519 | D:3      | Found a runed translucent gate.
  1520 | D:3      | Noticed bairyn's ghost (weakling SpRe)
  1521 | D:3      | Noticed ChrisAssaf's ghost (amateur GnMo)
  1521 | D:3      | Noticed OlManJenkins's ghost (amateur GnGl)
  1521 | D:3      | Noticed Gadrel's ghost (amateur DgDe)
  1846 | D:3      | Noticed Jessica
  1851 | D:3      | Killed Jessica
  2041 | D:3      | Found an ornate altar of the Wu Jian Council.
  2207 | D:4      | Noticed Duvessa
  2225 | D:4      | Killed Duvessa
  2226 | D:4      | Reached XP level 6. HP: 51/62 MP: 5/5
  2236 | D:4      | Noticed Dowan
  2252 | D:4      | Killed Dowan
  2339 | D:4      | Reached skill level 6 in Unarmed Combat
  2365 | D:4      | Reached XP level 7. HP: 66/70 MP: 6/6
  2469 | D:4      | Noticed Menkaure
  2474 | D:4      | Killed Menkaure
  2520 | D:4      | Found a glowing silver altar of Zin.
  2547 | D:4      | Noticed Grinder
  2572 | D:4      | Killed Grinder
  2573 | D:4      | Reached skill level 7 in Unarmed Combat
  2650 | D:4      | Found a hazy altar of Hepliaklqana.
  2786 | D:4      | Reached skill level 5 in Fighting
  2799 | D:4      | Found a staircase to the Ecumenical Temple.
  2818 | Temple   | Entered the Ecumenical Temple
  2818 | Temple   | Found a transporter.
  2818 | Temple   | Found a transporter.
  2820 | Temple   | Found a transporter.
  2820 | Temple   | Found a transporter.
  2866 | Temple   | Became a worshipper of Elyvilon the Healer
  2982 | D:5      | Entered Level 5 of the Dungeon
  3227 | D:5      | Reached skill level 8 in Unarmed Combat
  3227 | D:5      | Reached XP level 8. HP: 80/80 MP: 7/7
  3253 | D:5      | Found a burning altar of Makhleb.
  3452 | D:5      | Reached * piety under Elyvilon
  3555 | D:5      | Found a shimmering blue altar of Sif Muna.
  4032 | D:6      | Found a shimmering altar of Xom.
  4107 | D:6      | Reached ** piety under Elyvilon
  4146 | D:6      | Found Dotuyku's General Store.
  4148 | D:6      | Found Boifair's Specific Store.
  4156 | D:6      | Bought a scroll of fog for 60 gold pieces
  4156 | D:6      | Bought a scroll of magic mapping for 112 gold pieces
  4156 | D:6      | Bought a potion of lignification for 45 gold pieces
  4156 | D:6      | Bought a scroll of teleportation for 45 gold pieces
  4210 | D:6      | Reached skill level 9 in Unarmed Combat
  4254 | D:6      | Found a blossoming altar of Fedhas.
  4674 | D:6      | Reached XP level 9. HP: 79/89 MP: 8/8
  4930 | D:7      | Found Riklabri's Jewellery Shoppe.
  4937 | D:7      | Reached skill level 10 in Unarmed Combat
  4949 | D:7      | Reached *** piety under Elyvilon
  5062 | D:7      | Found a glowing golden altar of the Shining One.
  5266 | D:7      | Noticed Maggie
  5356 | D:7      | Killed Maggie
  5357 | D:7      | Reached skill level 11 in Unarmed Combat
  5388 | D:7      | Identified the ring of Qapaer {rC+ EV+5}
  5626 | D:8      | Noticed a two-headed ogre
  5634 | D:8      | Killed a two-headed ogre
  5638 | D:8      | Reached XP level 10. HP: 65/104 MP: 9/9
  5789 | D:8      | Noticed Maurice
  5799 | D:8      | Killed Maurice
  5820 | D:8      | Found a radiant altar of Vehumet.
  5821 | D:8      | Found a stormy altar of Qazlal.
  6074 | D:8      | Found an iron altar of Okawaru.
  6091 | D:8      | Reached **** piety under Elyvilon
  6330 | D:8      | Reached skill level 12 in Unarmed Combat
  7124 | D:9      | Found a staircase to the Orcish Mines.
  7219 | D:9      | Noticed a necromancer
  7237 | D:9      | Killed a necromancer
  7238 | D:9      | HP: 5/107 [yak simulacrum (5)]
  7610 | D:10     | Entered Level 10 of the Dungeon
  7655 | D:10     | Reached ***** piety under Elyvilon
  7730 | D:10     | Identified the +0 robe "Agheytwa" {rN+ rCorr Stlth+
                  | Archmagi}
  7747 | D:10     | Noticed a fire dragon
  7752 | D:10     | Reached skill level 10 in Fighting
  7753 | D:10     | Reached XP level 11. HP: 101/117 MP: 8/10
  7760 | D:10     | Killed a fire dragon
  7775 | D:10     | Identified the staff of fire "Aterpheja" {rF+ Int+9 Stlth+}
  7931 | D:10     | Reached skill level 13 in Unarmed Combat
  7962 | D:10     | Reached skill level 1 in Throwing
  8053 | D:10     | Found a staircase to the Lair.
  8379 | D:10     | Noticed a two-headed ogre
  8385 | D:10     | Killed a two-headed ogre
  8582 | D:10     | Reached skill level 5 in Throwing
  8627 | D:11     | Noticed a two-headed ogre
  8697 | D:11     | Noticed a green ugly thing
  8785 | Lair:1   | Entered Level 1 of the Lair of Beasts
  8785 | Lair:1   | Noticed Sonja
  8786 | Lair:1   | Sonja changed into Sonja the black bear
  8786 | Lair:1   | Noticed Sonja
  8789 | Lair:1   | Killed Sonja the black bear
  8938 | Lair:1   | Reached XP level 12. HP: 127/127 MP: 11/11
  8954 | Lair:1   | Reached skill level 14 in Unarmed Combat
  9307 | Lair:1   | Found a runed translucent gate.
  9308 | Lair:1   | Found a runed translucent gate.
  9309 | Lair:1   | Found a runed translucent gate.
  9309 | Lair:1   | Noticed rozman's ghost (journeyman TeAE)
  9322 | Lair:1   | Noticed a great orb of eyes
  9612 | Lair:1   | Found a viscous altar of Jiyva.
  9732 | Lair:2   | Found a staircase to the Snake Pit.
  9871 | Lair:2   | Noticed a five-headed hydra
  9879 | Lair:2   | Killed a five-headed hydra
  9950 | Lair:2   | Elyvilon protects you from harm!
 10068 | Lair:2   | Noticed a catoblepas
 10083 | Lair:2   | Killed a catoblepas
 10128 | Lair:2   | Reached skill level 10 in Throwing
 10337 | Lair:2   | Reached skill level 15 in Unarmed Combat
 10419 | Lair:2   | Reached XP level 13. HP: 124/135 MP: 12/12
 10708 | Lair:2   | Found a staircase to the Shoals.
 11465 | Lair:3   | Found a dark tunnel.
 11480 | Volcano  | Entered a volcano
 11934 | Volcano  | Noticed a red draconian
 11958 | Volcano  | Killed a red draconian
 11970 | Volcano  | Noticed an orb of fire
 11970 | Volcano  | Noticed an orb of fire
 12123 | Volcano  | Reached skill level 5 in Dodging
 12327 | Lair:3   | Reached ****** piety under Elyvilon
 12642 | Lair:3   | a five-headed hydra changed into a broodmother
 12642 | Lair:3   | Noticed a broodmother
 12651 | Lair:3   | Killed a broodmother
 12925 | Lair:4   | Found an ancient bone altar of Kikubaaqudgha.
 13009 | Lair:4   | Found a staircase to the Slime Pits.
 13053 | Lair:4   | Noticed Nessos
 13060 | Lair:4   | Nessos changed into Nessos the dream sheep
 13060 | Lair:4   | Noticed Nessos
 13064 | Lair:4   | Killed Nessos the dream sheep
 13079 | Lair:4   | Reached skill level 16 in Unarmed Combat
 13432 | Lair:4   | Noticed Rupert
 13936 | Lair:4   | Killed Rupert
 13937 | Lair:4   | Reached XP level 14. HP: 102/138 MP: 13/13
 13995 | Lair:5   | Entered Level 5 of the Lair of Beasts
 14059 | Slime:1  | Entered Level 1 of the Pits of Slime
 14059 | Slime:1  | Noticed an acid blob
 14059 | Slime:1  | Noticed a quicksilver ooze
 14411 | Lair:5   | Found a frozen archway.
 14458 | IceCv    | Entered an ice cave
 14799 | IceCv    | Noticed a frost giant
 14832 | IceCv    | Killed a frost giant
 14881 | IceCv    | Reached skill level 17 in Unarmed Combat
 14936 | IceCv    | Reached skill level 10 in Dodging
 15216 | Lair:5   | Reached skill level 1 in Armour
 15758 | Lair:5   | Reached XP level 15. HP: 152/152 MP: 14/14
 17546 | D:12     | Reached skill level 5 in Armour
 18907 | D:13     | Identified the +0 robe of Mumblety Peg {rElec rC+}
 18960 | D:13     | Found a gate to the Vaults.
 19296 | D:14     | Found a broken altar of Ashenzari.
 19329 | D:14     | Reached skill level 18 in Unarmed Combat
 19393 | D:14     | Found a gate leading to a gauntlet.
 19409 | Gauntlet | Entered a Gauntlet
 19409 | Gauntlet | Found a transporter.
 19412 | Gauntlet | Found a transporter.
 19428 | Gauntlet | Found a transporter.
 19432 | Gauntlet | Found a transporter.
 19452 | Gauntlet | Found a transporter.
 19465 | Gauntlet | Found a transporter.
 19470 | Gauntlet | Found a transporter.
 19474 | Gauntlet | Found a transporter.
 19504 | Gauntlet | Found a transporter.
 19504 | Gauntlet | Found a transporter.
 19512 | Gauntlet | Found a transporter.
 19553 | Gauntlet | Found a transporter.
 19662 | Gauntlet | Identified the ring of the Ubiquitous Date {rPois rCorr
                  | Str-2 Slay+5 SInv}
 19664 | Gauntlet | Reached XP level 16. HP: 159/159 MP: 14/18
 19936 | D:14     | Found a white marble altar of Elyvilon.
 19959 | D:14     | Found Xayrhoops's Antique Weapon Shop.
 20549 | D:15     | Entered Level 15 of the Dungeon
 20620 | D:15     | Found a stormy altar of Qazlal.
 20844 | D:15     | Found a staircase to the Depths.
 21669 | D:15     | Identified the staff of poison "Odghimnom" {rPois rF+
                  | Str+4}
 21693 | D:15     | Identified the +4 morningstar of Plunder {chaos, rN+}
 21980 | Orc:1    | Entered Level 1 of the Orcish Mines
 22517 | Orc:2    | Entered Level 2 of the Orcish Mines
 22667 | Orc:2    | Found a staircase to the Elven Halls.
 23203 | Orc:2    | Found Henkiedd's Distillery.
 23203 | Orc:2    | Found Zanloorpha's Antique Armour Shop.
 23205 | Orc:2    | Found Tena's Weapon Boutique.
 23233 | Orc:2    | Found Xerojyit's Antique Armour Emporium.
 23259 | Orc:2    | Bought a runed cloak for 270 gold pieces
 23595 | D:3      | Killed ChrisAssaf's ghost
 23615 | D:3      | Killed OlManJenkins's ghost
 23621 | D:3      | Killed bairyn's ghost
 23623 | D:3      | Killed Gadrel's ghost
 23925 | Snake:1  | Entered Level 1 of the Snake Pit
 23946 | Snake:1  | Reached skill level 5 in Shields
 24252 | Snake:1  | Reached XP level 17. HP: 135/167 MP: 19/19
 25440 | Snake:2  | Found Naullepi's Book Boutique.
 25440 | Snake:2  | Found Yhobups's Distillery.
 25696 | Snake:2  | Reached skill level 19 in Unarmed Combat
 26739 | Snake:3  | Found Woremeus's Weapon Boutique.
 26794 | Snake:3  | Found Atampuyj's Armour Shop.
 26813 | Snake:3  | Found Jaex's Weapon Emporium.
 27077 | Snake:3  | Noticed Mlioglotl
 27152 | Snake:4  | Entered Level 4 of the Snake Pit
 27443 | Snake:4  | Noticed Aizul
 27452 | Snake:4  | Killed Aizul
 27810 | Snake:4  | Found a radiant altar of Vehumet.
 28016 | Snake:4  | Reached XP level 18. HP: 180/182 MP: 20/20
 28735 | Snake:4  | Reached skill level 20 in Unarmed Combat
 28799 | Snake:4  | Got a serpentine rune of Zot
 29734 | Shoals:1 | Entered Level 1 of the Shoals
 30412 | Shoals:1 | Found a runed translucent door.
 30560 | Shoals:1 | Noticed SweetJohnnyV's ghost (journeyman MiBe)
 30728 | Shoals:1 | Killed SweetJohnnyV's ghost
 30741 | Shoals:1 | Identified the +4 rapier of Prudence {venom, rElec rF++
                  | Dex-2 SInv}
 30872 | Lair:1   | Killed rozman's ghost
 30899 | Lair:1   | Got the Essays on Numb Conjuration
 30903 | Lair:1   | Fell from the grace of Elyvilon
 30903 | Lair:1   | Became a worshipper of Jiyva Jeivehex the Shapeless
 31433 | Shoals:2 | Reached * piety under Jiyva
 31604 | Shoals:3 | Found Kiuxt's Jewellery Emporium.
 31896 | Shoals:3 | Noticed Polyphemus
 31944 | Shoals:3 | Killed Polyphemus
 32182 | Shoals:3 | Found Menergh's Antique Armour Shoppe.
 32436 | Shoals:3 | Reached XP level 19. HP: 200/200 MP: 21/21
 32532 | Shoals:3 | Reached ** piety under Jiyva
 32760 | Shoals:4 | Entered Level 4 of the Shoals
 32778 | Shoals:4 | Found a stormy altar of Qazlal.
 32812 | Shoals:4 | Found a radiant altar of Vehumet.
 32855 | Shoals:4 | Paralysed by an air elemental for 1 turns
 32898 | Shoals:4 | Paralysed by an air elemental for 1 turns
 32908 | Shoals:4 | Reached skill level 15 in Fighting
 32942 | Shoals:4 | Paralysed by an air elemental for 1 turns
 33136 | Shoals:4 | Paralysed by an air elemental for 1 turns
 33140 | Shoals:4 | Reached skill level 21 in Unarmed Combat
 33539 | Shoals:4 | Paralysed by an air elemental for 1 turns
 33552 | Shoals:4 | Paralysed by an air elemental for 1 turns
 33585 | Shoals:4 | Paralysed by an air elemental for 1 turns
 33596 | Shoals:4 | Paralysed by an air elemental for 1 turns
 33854 | Shoals:4 | Paralysed by an air elemental for 1 turns
 33859 | Shoals:4 | Paralysed by an air elemental for 1 turns
 33893 | Shoals:4 | Reached *** piety under Jiyva
 34126 | Shoals:4 | Got a barnacled rune of Zot
 34437 | Slime:3  | Noticed Dissolution
 34535 | Slime:5  | Entered Level 5 of the Pits of Slime
 34577 | Slime:5  | Noticed the Royal Jelly
 34720 | Slime:5  | Found a viscous altar of Jiyva.
 35189 | Elf:1    | Entered Level 1 of the Elven Halls
 35571 | Elf:1    | Noticed Nikola
 35592 | Elf:1    | Killed Nikola
 35650 | Elf:1    | Noticed Louise
 35661 | Elf:1    | Killed Louise
 35931 | Elf:1    | Noticed Zenata
 35963 | Elf:1    | Gained mutation: Armour fits poorly on your pseudopods.
                  | [Jiyva's grace]
 35963 | Elf:1    | Gained mutation: Armour fits poorly on your large
                  | pseudopods. [Jiyva's grace]
 35963 | Elf:1    | Gained mutation: Armour fits poorly on your massive
                  | pseudopods. [Jiyva's grace]
 35963 | Elf:1    | Gained mutation: You have large cloven feet. [Jiyva's
                  | grace]
 36015 | Elf:1    | Got the Grimoire of Companions
 36115 | Elf:1    | Got the Omnibus of the Ironbound Queen Bee
 36278 | Elf:1    | Reached skill level 5 in Invocations
 36298 | Elf:1    | Killed Zenata
 36398 | Elf:2    | Paralysed by an air elemental for 1 turns
 36945 | Elf:2    | Identified Roxanne's Opusculum on the Mantle
 36945 | Elf:2    | Noticed Roxanne
 37132 | Elf:2    | Identified the +3 scale mail "Wogesk" {rF+}
 37156 | Elf:2    | Reached XP level 20. HP: 190/215 MP: 24/24
 37212 | Elf:2    | Reached **** piety under Jiyva
 37368 | Elf:2    | Found a runed translucent gate.
 37369 | Elf:2    | Found a runed translucent gate.
 37369 | Elf:2    | Found a runed translucent gate.
 37655 | Depths:1 | Entered Level 1 of the Depths
 37809 | Depths:1 | Identified the +8 whip of Recklessness {pain, Will+}
 37819 | D:15     | Reached skill level 22 in Unarmed Combat
 37846 | Depths:1 | Found Yrateics's Distillery.
 38104 | Depths:1 | Found an ancient bone altar of Kikubaaqudgha.
 38161 | Depths:1 | Found a gateway to Hell.
 38347 | Depths:1 | Found a runed translucent door.
 38396 | Depths:1 | Gained mutation: You have a small jelly attached to you
                  | that may absorb projectiles. [Jiyva's grace]
 38396 | Depths:1 | Gained mutation: Your spells are a little harder to cast,
                  | but a little more powerful. [Jiyva's grace]
 38396 | Depths:1 | Gained mutation: Your spells are harder to cast, but more
                  | powerful. [Jiyva's grace]
 38396 | Depths:1 | Gained mutation: Your spells are much harder to cast, but
                  | much more powerful. [Jiyva's grace]
 38481 | Depths:1 | Reached ***** piety under Jiyva
 38802 | Depths:2 | Noticed Bai Suzhen
 38916 | Depths:2 | Found a one-way gateway to a ziggurat.
 38973 | Depths:2 | Noticed Sojobo
 38981 | Depths:2 | Reached skill level 10 in Invocations
 39025 | Depths:2 | Found a magical portal.
 39082 | Depths:2 | Killed Bai Suzhen
 39129 | WizLab   | Entered Alistair's Party Mansion
 39364 | WizLab   | Identified a scroll of acquirement
 39373 | WizLab   | Got the Dissertation on Mutable Impurities
 39378 | WizLab   | Got the Grimoire of Shifting Poison
 39385 | WizLab   | Acquired a manual of Dodging
 39829 | Depths:2 | Found a one-way gate leading to the halls of Pandemonium.
 39916 | Depths:2 | Reached XP level 21. HP: 159/223 MP: 29/29
 40159 | Depths:2 | Killed Sojobo
 40160 | Depths:2 | Reached skill level 23 in Unarmed Combat
 40164 | Depths:2 | HP: 7/218 [Sojobo the tengu simulacrum[a necromancer] (28)]
 40165 | Depths:2 | Mangled by Sojobo the tengu simulacrum

Illustrated notes

Levels and vault maps discovered:
D:1:      amcnicky_arrival_double_pillar, layout_rooms, st_stairs_12
D:2:      wad_woods_tower, layout_loops_corners, uniq_robin, uniq_natasha
D:3:      layout_loops_ring, mainiacjoe_overflow_alcove_1,
          gammafunk_ghost_cemetery, moated_statue, uniq_jessica
D:4:      layout_basic, zin_scriptorium, nzn_hepliaklqana_mist_gate,
          minmay_temple_entry_stoned_glass, uniq_menkaure, uniq_grinder,
          uniq_duvessa
D:5:      layout_loops_corners, marbit_many_paths, kennysheep_little_box
D:6:      layout_loops_corners, fedhas_altar_2,
          mainiacjoe_overflow_six_doors_small, minmay_misc_feat_doors,
          minivault_24, nicolae_specific_store
D:7:      layout_basic, lemuel_crystal_altar, serial_shops,
          nicolae_shop_tiny_glass, uniq_maggie
D:8:      layout_basic, kennysheep_mini_moat, gammafunk_temple_overflow_pools,
          serial_bayou, serial_bayou_pond_a, serial_bayou_pond_a,
          serial_bayou_pond_b, serial_bayou_shore_b, serial_bayou_ford_a,
          nicolae_titane, uniq_maurice
D:9:      layout_gridville, david_orc_4, eino_house_with_fridge
D:10:     minmay_the_grid_3x2 [minmay_the_grid_plusring,
          minmay_the_grid_outer_diamond, minmay_the_grid_square_x,
          minmay_the_grid_broken_lines, minmay_the_grid_empty,
          minmay_the_grid_prize_diamond_cup], layout_irregular_city,
          hellmonk_lair_entry_icy
D:11:     minmay_s_stair_smasher, layout_basic, corexii_leaking_fountain
D:12:     layout_small_grid
D:13:     layout_cave_pools, hangedman_vaults_entry_quadrant_bands
D:14:     layout_stronghold, ashenzari_altar_1, gauntlet_entry_generic,
          serial_shops, nicolae_shop_advertising_works
          [nicolae_subvault_shop_adworks], nicolae_elyvilon_peaceful_grove
D:15:     hangedman_depths_entry_civil_slaughter, layout_basic,
          nicolae_qazlal_style_of_elements, dk_noncrumbling_3,
          minmay_protected_statue
Temple:   hellmonk_temple_divided_pantheon
Lair:1:   layout_small_grid, gammafunk_ghost_ooze, st_stairs_11, uniq_sonja
Lair:2:   layout_layer_cave, elwin_shoals_entry_rooms,
          minmay_snake_entry_six_corridors, nicolae_lair_grazing_beasts
          [nicolae_sub_lair_graze_edge, nicolae_sub_lair_graze_edge,
          nicolae_sub_lair_graze_edge, nicolae_sub_lair_graze_edge]
Lair:3:   layout_hall_layers, enter_volcano_1
Lair:4:   layout_cave_pods, slime_entry_1, basic_altar, serial_bayou_shore_a,
          uniq_nessos, uniq_rupert
Lair:5:   minmay_lair_end_frog_pond, layout_cave_pods,
          portal_ice_cave_entry_pillars_2
Shoals:1: layout_shoals, ebering_ghost_inner_flame,
          nicolae_shoals_water_elemental_grotto
Shoals:2: layout_shoals
Shoals:3: layout_shoals, serial_shops, shop, nicolae_shop_gaudy_bauble,
          uniq_polyphemus
Shoals:4: shoals_end_hellmonk_storm_palace [storm_palace_center_circular,
          storm_palace_corner_reverse_hut, storm_palace_corner_altar,
          storm_palace_corner_grid, storm_palace_corner_altar]
Snake:1:  layout_gridlike, nicolae_triple_integral, grunt_megastairs_5,
          lemuel_fruit_tree
Snake:2:  layout_grid_maze, grunt_ministairs_1, minmay_shoptagon
Snake:3:  layout_cave_town, serial_shops, nicolae_shop_scrapyard,
          nicolae_diamond_shop, shop, st_stairs_11, uniq_asterion,
          uniq_mlioglotl
Snake:4:  grunt_snake_rune_spirals, layout_concentric_octagons, basic_altar,
          uniq_aizul
Slime:1:  layout_caves
Slime:2:  layout_caves
Slime:3:  layout_caves, dissolution_awaits
Slime:4:  layout_caves
Slime:5
Orc:1:    nicolae_orc_accident_1, layout_diamond_mine
Orc:2:    st_orc_rangers, layout_caves
Elf:1:    eino_elf_arrival_sip, layout_gridlike, minmay_elf_demonology,
          st_stairs_13, grunt_megastairs_1, uniq_louise, uniq_nikola,
          uniq_zenata
Elf:2:    nicolae_elf_blades_crystal_corner, layout_rooms, uniq_roxanne
Depths:1: layout_basic, nicolae_kikubaaqudgha_miasma_corner,
          nicolae_hell_entry_hellmouth_sunbeams, serial_shops,
          nicolae_shop_window_shopping, minivault_11, minmay_crystal_box
Depths:2: nzn_winding_woodlands_stair_trap [nzn_winding_woodlands_5x15_jagged,
          nzn_winding_woodlands_5x15_sawtooth,
          nzn_winding_woodlands_5x15_zeroes,
          nzn_winding_woodlands_15x15_boxy_spiral,
          nzn_winding_woodlands_5x15_river_crossing,
          nzn_winding_woodlands_5x15_default,
          nzn_winding_woodlands_5x15_default], layout_basic, enter_ziggurat_b,
          lightli_enter_wizlab_magi_temple, rand_demon_pan_entry_9,
          hangedman_geh_valley, uniq_sojobo, uniq_bai_suzhen

Skill      XL: |  1  2  3  4  5  6  7  8  9 10 11 12 13 14 15 16 17 18 19 20 21 |
---------------+----------------------------------------------------------------+-----
Unarmed Combat | 3 4 5 6 8 9 11 12 13 15 16 17 18 19 20 21 22 23 | 23.0
Fighting       | 3 4 5 6 7 10 12 14 16 | 16.5
Throwing       | 6 10 11 | 11.0
Dodging        | 7 10 | 10.2
Armour         | 3 7 8 |  8.9
Invocations    | 4 7 12 | 12.5
Shields        | 6 7 |  7.7

Action                     |  1- 3 |  4- 6 |  7- 9 | 10-12 | 13-15 | 16-18 | 19-21 || total
---------------------------+-------+-------+-------+-------+-------+-------+-------++-------
  Melee: Unarmed           |    73 |   114 |   163 |   565 |   890 |  1492 |  1180 ||  4477
         Punch             |       |       |       |       |       |     2 |       ||     2
         Kick              |       |       |       |       |       |       |   281 ||   281
         Pseudopods        |       |       |       |       |       |       |   190 ||   190
  Throw: Boomerang         |       |       |       |     6 |    28 |    56 |     7 ||    97
         Dart              |       |       |       |     3 |     4 |     8 |     5 ||    20
         Javelin           |       |       |       |       |       |     6 |     2 ||     8
         Large rock        |       |       |       |       |       |     5 |       ||     5
 Invoke: Purification      |       |       |     1 |     3 |     4 |     2 |       ||    10
         Heal Self         |       |       |       |       |     5 |       |       ||     5
  Evoke: Wand              |       |       |       |     9 |     8 |     4 |     1 ||    22
         Lightning rod     |       |       |       |       |     2 |     9 |     3 ||    14
         Phantom mirror    |       |       |       |       |     1 |       |       ||     1
         Tin of tremorston |       |       |       |       |       |     2 |       ||     2
         Box of beasts     |       |       |       |       |       |     1 |     1 ||     2
         Phial of floods   |       |       |       |       |       |       |     1 ||     1
    Use: Scroll            |       |       |    13 |     6 |     8 |     6 |     5 ||    38
         Potion            |       |       |       |     2 |     2 |     5 |     6 ||    15
   Stab: Sleeping          |       |       |       |       |       |     4 |     3 ||     7
         Distracted        |       |       |       |       |       |     2 |     1 ||     3
         Confused          |       |       |       |       |       |       |     1 ||     1
 Armour: Robe              |    22 |    34 |    49 |   112 |    88 |       |       ||   305
         Troll leather arm |       |       |       |       |    36 |   202 |   209 ||   447
         Acid dragon scale |       |       |       |       |    14 |       |       ||    14
  Dodge: Dodged            |    19 |    35 |    69 |   379 |   685 |   989 |   654 ||  2830
  Block: Kite shield       |     6 |       |       |       |       |   821 |   478 ||  1305
